Map: Acid Plant LE

Players

NiDer

  • Race: Protoss Protoss
  • League: Master
  • Spawn Location: 5:00

zuka - Winner!

  • Race: Protoss Protoss
  • League: Master
  • Spawn Location: 11:00

VOD

Have the link to the VOD?

Description

Time

  • Played on: Oct. 16, 2018, 2:57 p.m.
  • Length: 21:26
Show
View Real Time Build Order
Export as new Build Order

NiDer Protoss 

Build Orders: Phoenix Opening 

Get SALT Encoding   

  12  0:00  Probe  
  13  0:13  Probe  
  14  0:19  Pylon  
  14  0:25  Probe  
  15  0:33  Probe  
  15  0:39  Gateway  
  15  0:42  Probe  
  16  0:47  Assimilator  
  17  0:54  Probe  
  18  0:58  Assimilator  
  18  1:02  Probe  
  18  1:10  Probe  
  19  1:12  Gateway  
  20  1:22  Probe  
  21  1:31  Cybernetics Core  
  21  1:34  Probe  
  22  1:43  Pylon  
  22  1:47  Probe  
  23  2:01  Pylon, Probe  
  24  2:11  Adept x2, Warp Gate  
  28  2:23  Stargate  
  28  2:38  Stalker x2  
  31  3:05  Nexus  
  31  3:12  Phoenix  
  33  3:31  Pylon, Phoenix  
  31  3:50  Phoenix  
  33  4:03  Probe  
  34  4:15  Robotics Facility, Probe  
  34  4:16  Adept x2  
  39  4:21  Probe  
  40  4:27  Probe  
  40  4:29  Twilight Council  
  41  4:33  Probe  
  42  4:39  Phoenix  
  44  4:51  Probe x2  
  46  4:56  Stargate  
  46  5:01  Phoenix  
  46  5:03  Probe x2, Assimilator  
  44  5:07  Assimilator  
  46  5:14  Pylon  
  46  5:15  Probe x2  
  46  5:20  Phoenix  
  48  5:23  Probe  
  48  5:27  Probe  
  52  5:31  Probe  
  52  5:39  Probe  
  54  5:47  Phoenix x2  
  58  5:50  Probe  
  58  5:51  Probe  
  60  5:57  Pylon  
  60  5:59  Pylon  
  60  6:02  Probe  
  60  6:04  Probe  
  62  6:07  Phoenix  
  62  6:08  Phoenix  
  62  6:15  Probe  
  62  6:16  Probe  
  68  6:26  Fleet Beacon  
  68  6:30  Phoenix  
  68  6:34  Phoenix  
  70  6:42  Probe  
  73  6:51  Pylon  
  73  6:59  Phoenix  
  75  7:04  Nexus  
  75  7:08  Phoenix  
  77  7:12  Anion Pulse-Crystals  
  73  7:25  Phoenix  
  73  7:27  Probe x2  
  77  7:33  Pylon  
  77  7:35  Shield Battery x2  
  77  7:39  Phoenix  
  77  7:42  Protoss Air Weapons Level 1  
  79  7:49  Pylon  
  79  7:50  Phoenix  
  81  7:52  Pylon  
  81  8:04  Phoenix  
  83  8:15  Phoenix  
  81  8:29  Probe x2  
  81  8:30  Stargate  
  81  8:32  Gateway  
  83  8:36  Probe  
  84  8:41  Probe x2  
  84  8:44  Phoenix x2  
  90  8:49  Probe  
  90  8:53  Probe x2  
  93  8:56  Assimilator  
  93  9:01  Probe  
  94  9:04  Assimilator  
  94  9:05  Probe  
  94  9:06  Probe  
  94  9:08  Phoenix  
  94  9:09  Pylon, Phoenix  
  100  9:10  Pylon  
  100  9:12  Phoenix  
  100  9:13  Probe  
  103  9:18  Probe  
  103  9:21  Pylon  
  104  9:25  Phoenix  
  104  9:29  Phoenix  
  104  9:34  Phoenix  
  110  9:49  Phoenix  
  112  9:55  Phoenix  
  114  10:02  Pylon  
  114  10:05  Protoss Air Weapons Level 2  
  100  10:18  Phoenix x2  
  100  10:20  Phoenix  
  102  10:34  Forge  
  102  10:35  Nexus  
  102  10:39  Pylon  
  102  10:40  Phoenix x2  
  102  10:41  Pylon  
  102  10:42  Phoenix, Zealot x3  
  114  10:58  Phoenix x2  
  114  11:00  Phoenix  
  114  11:08  Photon Cannon  
  114  11:10  Photon Cannon  
  114  11:11  Photon Cannon  
  120  11:14  Photon Cannon  
  120  11:17  Photon Cannon  
  120  11:23  Phoenix x2  
  120  11:25  Phoenix  
  106  12:02  Phoenix x3  
  106  12:08  Stargate  
  112  12:10  Gateway  
  112  12:12  Gateway  
  112  12:16  Pylon  
  112  12:25  Phoenix, Probe x4  
  112  12:26  Phoenix x2  
  112  12:27  Assimilator  
  122  12:31  Assimilator  
  122  12:32  Photon Cannon  
  122  12:34  Photon Cannon  
  122  12:35  Photon Cannon  
  122  12:38  Pylon  
  122  12:40  Photon Cannon  
  122  12:41  Photon Cannon, Protoss Air Weapons Level 3  
  122  12:42  Phoenix x3  
  122  12:43  Pylon  
  122  12:47  Pylon  
  122  12:49  Charge  
  128  12:54  Phoenix  
  130  13:07  Phoenix x2  
  134  13:17  Phoenix  
  134  13:19  Phoenix  
  138  13:32  Phoenix x2  
  142  13:41  Phoenix  
  132  13:52  Phoenix  
  120  13:58  Phoenix x3  
  118  14:09  Zealot x2  
  124  14:10  Zealot x3  
  124  14:13  Oracle  
  130  14:22  Phoenix  
  130  14:23  Phoenix x2  
  139  14:32  Protoss Shields Level 1  
  139  14:41  Nexus  
  139  14:43  Pylon  
  139  14:45  Pylon  
  139  14:47  Phoenix  
  139  14:48  Phoenix x2  
  139  14:50  Phoenix  
  139  15:17  Phoenix  
  131  15:23  Phoenix  
  131  15:24  Phoenix x2  
  139  15:31  Gateway  
  139  15:33  Gateway  
  139  15:37  Pylon  
  139  15:48  Phoenix  
  135  15:51  Phoenix x3  
  141  15:57  Stargate  
  120  16:13  Phoenix  
  100  16:20  Phoenix x3  
  100  16:22  Carrier  
  90  16:26  Carrier x3  
  96  16:43  Zealot x4  
  96  16:44  Zealot x3  
  122  16:51  Carrier  
  128  16:56  Graviton Catapult  
  130  17:20  Protoss Air Armor Level 1  
  128  17:26  Assimilator  
  124  17:31  Assimilator  
  124  17:34  Carrier  
  118  17:42  Probe x4  
  122  17:46  Carrier  
  122  17:47  Carrier  
  122  17:50  Probe  
  129  17:54  Probe x3  
  143  18:15  Protoss Shields Level 2  
  143  18:17  Photon Cannon  
  143  18:18  Carrier  
  143  18:19  Photon Cannon  
  143  18:22  Photon Cannon  
  143  18:26  Photon Cannon  
  149  18:42  Carrier  
  155  18:59  Carrier  
  155  19:01  Protoss Air Armor Level 2  
  161  19:10  Carrier  
  161  19:11  Carrier  
  157  19:55  Photon Cannon  
  157  19:58  Pylon  
  157  20:28  Nexus  
  157  20:32  Pylon  
  157  20:34  Pylon  
  157  20:38  Assimilator  
  157  20:42  Assimilator  
Show
View Real Time Build Order
Export as new Build Order

zuka Protoss - Winner!

Build Orders: Phoenix Opening 

Get SALT Encoding   

  12  0:01  Probe  
  13  0:13  Probe  
  14  0:17  Pylon  
  14  0:21  Probe  
  15  0:31  Probe  
  15  0:38  Gateway  
  15  0:42  Probe  
  16  0:47  Assimilator  
  17  0:53  Probe  
  17  0:57  Assimilator  
  18  1:01  Probe  
  18  1:09  Probe  
  19  1:14  Gateway  
  20  1:20  Probe  
  21  1:30  Cybernetics Core  
  21  1:33  Probe  
  22  1:44  Pylon  
  22  1:45  Probe  
  23  2:02  Probe  
  23  2:06  Stalker, Sentry  
  23  2:07  Warp Gate  
  28  2:14  Probe  
  29  2:22  Pylon  
  29  2:28  Stargate  
  29  2:36  Stalker  
  31  2:44  Probe  
  32  2:45  Shield Battery  
  32  2:56  Probe  
  33  3:08  Probe  
  33  3:09  Phoenix  
  34  3:15  Pylon  
  36  3:20  Probe  
  37  3:32  Probe  
  38  3:35  Phoenix  
  40  3:44  Probe  
  41  3:55  Nexus  
  41  3:56  Probe  
  41  4:00  Phoenix  
  44  4:10  Pylon  
  44  4:17  Robotics Facility  
  44  4:28  Phoenix, Probe  
  47  4:33  Stargate  
  47  4:38  Phoenix  
  44  4:40  Probe  
  45  4:52  Probe  
  44  5:01  Phoenix  
  44  5:04  Probe  
  47  5:16  Probe x2  
  49  5:25  Probe  
  49  5:26  Probe  
  49  5:28  Phoenix, Assimilator  
  49  5:30  Phoenix  
  49  5:31  Assimilator  
  49  5:34  Probe x2  
  57  5:43  Probe x2  
  59  5:53  Phoenix  
  59  5:55  Shield Battery, Probe  
  62  6:00  Pylon  
  62  6:01  Pylon  
  62  6:14  Fleet Beacon  
  62  6:17  Phoenix  
  62  6:18  Probe x2  
  64  6:19  Phoenix  
  64  6:22  Phoenix  
  64  6:23  Pylon  
  66  6:30  Probe x2  
  70  6:35  Pylon  
  70  6:38  Phoenix  
  70  6:42  Probe  
  70  6:43  Anion Pulse-Crystals  
  73  6:49  Phoenix  
  73  6:50  Probe  
  77  6:54  Probe  
  77  7:06  Forge  
  76  7:19  Phoenix  
  76  7:20  Probe  
  76  7:21  Phoenix, Probe  
  75  7:29  Nexus  
  79  7:33  Probe  
  79  7:35  Probe  
  81  7:41  Photon Cannon, Phoenix  
  81  7:47  Protoss Air Weapons Level 1  
  83  7:51  Phoenix  
  83  7:55  Pylon  
  85  8:00  Probe  
  85  8:01  Probe  
  87  8:09  Phoenix  
  89  8:12  Probe  
  89  8:13  Probe  
  91  8:25  Probe x2  
  85  8:28  Phoenix  
  87  8:34  Phoenix, Stargate  
  87  8:37  Probe x2  
  87  8:38  Probe  
  91  8:46  Probe  
  91  8:48  Assimilator  
  92  8:49  Probe x2  
  92  8:51  Phoenix  
  92  8:52  Assimilator  
  97  8:56  Protoss Shields Level 1  
  97  9:01  Probe x2  
  97  9:02  Phoenix  
  99  9:04  Shield Battery  
  99  9:08  Phoenix  
  103  9:19  Phoenix  
  103  9:20  Probe  
  103  9:22  Pylon  
  103  9:23  Phoenix  
  106  9:24  Pylon  
  108  9:32  Protoss Air Weapons Level 2, Phoenix  
  110  9:44  Phoenix  
  112  9:55  Phoenix  
  112  9:56  Photon Cannon  
  112  9:59  Photon Cannon  
  109  10:10  Phoenix  
  95  10:15  Phoenix  
  95  10:20  Phoenix  
  97  10:27  Phoenix  
  97  10:28  Cybernetics Core  
  97  10:31  Pylon x2  
  97  10:32  Phoenix  
  97  10:33  Photon Cannon  
  97  10:34  Photon Cannon  
  99  10:40  Stargate  
  101  10:45  Phoenix  
  103  10:50  Phoenix  
  105  10:57  Phoenix  
  107  11:07  Mothership  
  107  11:08  Nexus  
  107  11:09  Pylon  
  107  11:11  Pylon  
  107  11:14  Assimilator  
  107  11:17  Assimilator  
  115  11:19  Phoenix  
  115  11:29  Phoenix  
  119  11:37  Zealot x2, Phoenix  
  125  11:43  Phoenix  
  122  11:50  Protoss Air Armor Level 1  
  111  12:00  Probe  
  112  12:01  Phoenix  
  112  12:02  Phoenix  
  112  12:06  Phoenix  
  118  12:11  Protoss Air Weapons Level 3  
  118  12:15  Phoenix  
  120  12:27  Phoenix x2  
  124  12:46  Phoenix  
  126  12:52  Phoenix  
  126  12:55  Phoenix  
  130  13:01  Phoenix  
  132  13:09  Pylon  
  132  13:10  Pylon  
  132  13:11  Phoenix  
  134  13:16  Phoenix  
  134  13:17  Photon Cannon  
  136  13:20  Photon Cannon, Phoenix  
  136  13:26  Phoenix  
  140  13:36  Phoenix  
  140  13:37  Twilight Council  
  140  13:39  Gateway  
  122  13:52  Phoenix  
  122  13:55  Phoenix  
  122  13:57  Phoenix x2  
  122  14:02  Probe x4  
  130  14:07  Protoss Shields Level 2  
  130  14:14  Robotics Facility, Probe x3  
  130  14:15  Phoenix  
  133  14:17  Shield Battery  
  133  14:19  Shield Battery  
  135  14:31  Phoenix  
  135  14:37  Phoenix  
  139  14:41  Phoenix  
  141  14:47  Phoenix  
  141  14:49  Probe x2  
  146  14:52  Probe  
  146  14:57  Adept x2  
  150  15:05  Photon Cannon  
  150  15:06  Adept  
  152  15:12  Shield Battery  
  152  15:14  Photon Cannon  
  144  15:22  Phoenix  
  144  15:23  Phoenix  
  144  15:24  Phoenix  
  144  15:26  Observer  
  150  15:32  Protoss Air Armor Level 2  
  151  15:37  Phoenix  
  151  15:47  Phoenix  
  153  15:54  Phoenix  
  153  15:55  Phoenix  
  157  16:01  Observer  
  157  16:02  Phoenix  
  126  16:24  Phoenix x2  
  126  16:25  Phoenix  
  120  16:27  Phoenix  
  122  16:44  Phoenix x2  
  122  16:49  Phoenix x2  
  130  17:06  Phoenix  
  130  17:07  Phoenix  
  130  17:10  Nexus  
  130  17:11  Adept x2  
  130  17:14  Adept  
  140  17:16  Phoenix  
  140  17:18  Phoenix  
  144  17:24  Carrier  
  144  17:28  Carrier  
  156  17:53  Carrier  
  156  17:54  Probe x2  
  156  17:58  Photon Cannon  
  158  18:00  Pylon  
  158  18:01  Pylon  
  158  18:03  Pylon  
  164  18:10  Carrier  
  168  18:29  Graviton Catapult  
  168  18:33  Photon Cannon  
  168  18:35  Probe  
  168  18:36  Photon Cannon  
  170  18:44  Protoss Air Armor Level 3  
  170  18:45  Carrier  
  169  18:54  Assimilator  
  175  18:59  Assimilator  
  175  19:10  Carrier  
  175  19:11  Carrier  
  181  19:28  Carrier  
  182  20:00  Carrier  
  142  20:22  Stargate  
  142  20:29  Photon Cannon x2  
  142  20:31  Photon Cannon  
Tags
 
Add a new tag
Caveats
  • Supply blocks, unpowered buildings, or Contaminate may cause inaccurate times.
  • Supply counts are checked every 10 seconds.